 Dungeon Crawl Stone Soup version 0.29.1-12-g30fa7ad0bf (webtiles) character file.

Game seed: 2755868279683042292

2135 growler the Digger (level 9, -1/72 (75) HPs)
             Began as a Meteoran Earth Elementalist on Jan 1, 2023.
             Was a Priest of Ru.
             Slain by an orc warrior
             ... wielding a +1 hand axe of flaming
              (16 damage)
             ... on level 7 of the Dungeon.
             The game lasted 00:19:30 (3813 turns).

growler the Digger (Meteoran Earth Elementalist)    Turns: 3813, Time: 00:19:30

HP:   -1/72 (75)    AC:  3    Str:  9    XL:     9   Next: 85%
MP:   8/17          EV: 19    Int: 21    God:    Ru [***...]
Gold: 467           SH:  0    Dex: 16    Spells: 10/18 levels left

rFire   . . .      SeeInvis .   D - +4 dagger
rCold   . . .      Faith    .   (no shield)
rNeg    . . .      Spirit   .   a - +0 robe
rPois   .          Reflect  .   (no helmet)
rElec   .          Harm     .   (no cloak)
rCorr   .          Rampage  .   (no gloves)
Will    +....                   y - +0 pair of boots
Stlth   +.........              (no amulet)
HPRegen 0.22/turn               h - +4 ring of evasion
MPRegen 0.15/turn               (no ring)

@: exhausted, very slightly contaminated, glowing, lightly drained
A: sense surroundings 2, hated by all, unskilled 1, otherworldly, glowing,
explore regen
a: Renounce Religion, Draw Out Power


You were on level 7 of the Dungeon.
You worshipped Ru.
Ru was most pleased with you.
You visited 1 branch of the dungeon, and saw 7 of its levels.
You also visited: Sewer.

You collected 467 gold pieces.

Inventory:

Hand Weapons
 D - a +4 dagger (weapon)
Missiles
 F - 4 javelins
Armour
 a - a +0 robe (worn)
 p - a +1 leather armour of positive energy
 r - a +0 buckler
 y - a +0 pair of boots (worn)
 H - a +0 robe of cold resistance
Jewellery
 h - a +4 ring of evasion (left hand)
 G - an amulet of the acrobat
Wands
 C - a wand of roots (12)
Scrolls
 e - a scroll of acquirement {unknown}
 f - 3 scrolls of noise {unknown}
 i - 5 scrolls of teleportation {unknown}
 m - 5 scrolls of poison {unknown}
 o - 2 scrolls of fear {unknown}
 t - 9 scrolls of identify {unknown}
 u - 4 scrolls of vulnerability {unknown}
 v - a scroll of amnesia {unknown}
 w - 3 scrolls of fog {unknown}
 B - 2 scrolls of enchant armour {unknown}
Potions
 b - a potion of magic
 c - 4 potions of heal wounds {unknown}
 d - a potion of invisibility {unknown}
 g - 4 potions of ambrosia {unknown}
 j - 2 potions of flight {unknown}
 k - 2 potions of brilliance {unknown}
 l - 6 potions of curing {unknown}
 n - 2 potions of degeneration {unknown}
 q - a potion of mutation {unknown}
 s - 2 potions of haste {unknown}
 x - a potion of attraction {unknown}
 z - 2 potions of berserk rage {unknown}
 A - a potion of lignification {unknown}
 E - a potion of resistance {unknown}


   Skills:
 + Level 5.9 Fighting
 + Level 6.9 Dodging
 - Level 1.2 Stealth
 - Level 5.0 Spellcasting
 - Level 5.0 Conjurations
 - Level 1.1 Transmutations
 - Level 7.0 Earth Magic


You had 10 spell levels left.
You knew the following spells:

 Your Spells              Type           Power      Damage    Failure   Level
a - Sandblast             Erth           68%        2d15      1%          1
b - Stone Arrow           Conj/Erth      60%        3d10      2%          3
c - Petrify               Tmut/Erth      22%        N/A       21%         4

Your spell library contained the following spells:

 Spells                   Type           Power      Damage    Failure   Level
 Passwall                 Tmut/Erth      18%        N/A       3%          2
 Ensorcelled Hibernation  Hex/Ice        10%        N/A       16%         2
 Swiftness                Air            5%         N/A       32%         3


Dungeon Overview and Level Annotations

Branches:
Dungeon (7/15) Zot: 605    Temple (0/1) D:5           Sewer (visited)

Altars:
Cheibriados
Elyvilon
Qazlal
Ru
Vehumet
Wu Jian


Innate Abilities, Weirdness & Mutations

You passively map the area around you.
You are hated by all.
You are somewhat unskilled. (-1 Apt)
You are easily found by Zot.
You glow in the dark.
You regain HP and MP as you explore.


Message History

You feel drained. The orc warrior closely misses you.
The orc priest misses you. The orc closely misses you.
Casting: Sandblast (safe; 1% risk of failure)
Confirm with . or Enter, or press ? or * to list all spells.
Aiming: Sandblast (safe; 1% risk of failure)
Press: ? - help, Shift-Dir - straight line, f/p - orc priest
Aim: an orc priest, wielding a +0 short sword (heavily wounded, 84% to hit)
The blast of sand hits the orc priest!
You kill the orc priest!
The orc warrior misses you. The orc completely misses you.
Casting: Sandblast (safe; 1% risk of failure)
Confirm with . or Enter, or press ? or * to list all spells.
Aiming: Stone Arrow (mildly dangerous; 2% risk of failure)
Press: ? - help, Shift-Dir - straight line, f - orc warrior
Aim: an orc warrior, wielding a +1 hand axe of flaming and wearing a +0 plate armour (lightly wounded, 74% to hit)
The stone arrow misses the orc warrior.
The orc warrior misses you. The orc misses you.
Casting: Stone Arrow (mildly dangerous; 2% risk of failure)
Confirm with . or Enter, or press ? or * to list all spells.
Aiming: Stone Arrow (mildly dangerous; 2% risk of failure)
Press: ? - help, Shift-Dir - straight line, f/p - orc warrior
Aim: an orc warrior, wielding a +1 hand axe of flaming and wearing a +0 plate armour (lightly wounded, 74% to hit)
The stone arrow hits the orc warrior!
The orc warrior is severely wounded.
The orc warrior hits you with a +1 hand axe of flaming!
* * * LOW HITPOINT WARNING * * *
The orc warrior burns you.
* * * LOW HITPOINT WARNING * * *
The orc hits you but does no damage.
Unknown command.
Casting: Stone Arrow (mildly dangerous; 2% risk of failure)
Confirm with . or Enter, or press ? or * to list all spells.
Aiming: Stone Arrow (mildly dangerous; 2% risk of failure)
Press: ? - help, Shift-Dir - straight line, f/p - orc warrior
Aim: an orc warrior, wielding a +1 hand axe of flaming and wearing a +0 plate armour (severely wounded, 74% to hit)
You miscast Stone Arrow.
You are very lightly contaminated with residual magic.
Nothing appears to happen.
The orc warrior hits you with a +1 hand axe of flaming!
You die...

#....##.....##..# ,
#....##.....##..#, ,
##...##.........#, ,
##...##.....##..# , ,#
[[[.........##..#*, .#
................#* ,..#
.....##.....##..##,...#
.....##.....##..o#o...#
##...##.....+...@)..<.#
##...##.....##..##.$.##
.....#......##### ###
.....'......+, ,
##...##.....# *
##...##.....#
............# ,+
.............# *
............... , ,


You could see an orc warrior and an orc.

Vanquished Creatures
  A steam dragon (D:7)
  A water moccasin (D:6)
  2 sky beasts
  2 ice beasts
  2 ogres
  A phantom (D:7)
  A scorpion (D:5)
  3 necrophages
  A bullfrog (D:7)
  4 wights (D:7)
  A jelly (D:5)
  2 hounds (D:5)
  3 orc priests
  A gnoll bouda (D:5)
  4 iguanas
  7 orc wizards
  10 adders
  3 gnolls (D:5)
  3 river rats (Sewer)
  A shadow imp (D:5)
  2 ufetubi (D:4)
  A worm (D:4)
  A dart slug (D:4)
  21 orcs
  8 endoplasms
  6 giant cockroaches
  9 goblins
  2 hobgoblins
  4 jackals
  11 kobolds
  5 quokkas
  11 ball pythons
  2 bats
  11 frilled lizards
  15 rats
162 creatures vanquished.

Notes
Turn   | Place    | Note
-------+----------+-------------------------------------------
     0 | D:1      | growler the Meteoran Earth Elementalist began the quest for
                  | the Orb.
     0 | D:1      | Reached XP level 1. HP: 14/14 MP: 5/5
    58 | D:1      | Reached XP level 2. HP: 16/20 MP: 1/7
    97 | D:1      | Reached skill level 4 in Earth Magic
   101 | D:1      | Found a stormy altar of Qazlal.
   245 | D:1      | Reached XP level 3. HP: 26/26 MP: 6/8
   281 | D:1      | Learned a level 3 spell: Stone Arrow
   488 | D:1      | Glimpsed the power of Zot.
   498 | D:2      | Found a faded altar of an unknown god.
   797 | D:2      | Reached skill level 1 in Conjurations
   797 | D:2      | Reached XP level 4. HP: 28/33 MP: 7/10
  1072 | D:2      | Glimpsed the power of Zot.
  1121 | D:3      | Found a white marble altar of Elyvilon.
  1165 | D:3      | Found a sacrificial altar of Ru.
  1172 | D:3      | Reached XP level 5. HP: 38/38 MP: 8/12
  1177 | D:3      | Became a worshipper of Ru the Awakened
  1183 | D:3      | Learned a level 4 spell: Petrify
  1376 | D:3      | Reached skill level 5 in Earth Magic
  1565 | D:3      | Reached XP level 6. HP: 45/45 MP: 9/13
  1573 | D:3      | Found a glowing drain.
  1577 | Sewer    | Entered a sewer
  1969 | D:3      | Glimpsed the power of Zot.
  1992 | D:4      | Reached skill level 5 in Spellcasting
  2136 | D:4      | Gained mutation: You are somewhat unskilled. (-1 Apt) [Ru
                  | sacrifice]
  2136 | D:4      | Reached * piety under Ru
  2173 | D:4      | Found a snail-covered altar of Cheibriados.
  2195 | D:4      | Noticed a sky beast
  2204 | D:4      | Killed a sky beast
  2205 | D:4      | Reached XP level 7. HP: 17/50 MP: 2/15
  2345 | D:4      | Reached skill level 5 in Spellcasting
  2347 | D:4      | Reached skill level 6 in Earth Magic
  2354 | D:4      | You fall into a shaft and drop 3 floors!
  2371 | D:7      | Reached XP level 8. HP: 52/57 MP: 4/16
  2386 | D:7      | Reached skill level 5 in Conjurations
  2424 | D:7      | Reached skill level 1 in Fighting
  2426 | D:7      | Reached skill level 7 in Earth Magic
  2551 | D:5      | Entered Level 5 of the Dungeon
  2662 | D:5      | Gained mutation: You passively map the area around you.
                  | [Meteoran growth]
  2662 | D:5      | Reached XP level 9. HP: 70/70 MP: 9/17
  2683 | D:5      | Reached skill level 5 in Dodging
  2819 | D:5      | Found a staircase to the Ecumenical Temple.
  2861 | D:5      | Found a radiant altar of Vehumet.
  3340 | D:6      | Reached skill level 5 in Fighting
  3516 | D:6      | Found an ornate altar of the Wu Jian Council.
  3525 | D:6      | Found a blossoming altar of Fedhas.
  3808 | D:7      | Gained mutation: You are hated by all. [Ru sacrifice]
  3808 | D:7      | Reached ** piety under Ru
  3808 | D:7      | Reached *** piety under Ru
  3813 | D:7      | Slain by an orc warrior

Illustrated notes

Levels and vault maps discovered:
D:1:      heliophobic_arrival_glass_houses, layout_basic, minmay_hexomino_r4
D:2:      layout_basic, nicolae_ecumenical_pavilion
D:3:      minmay_evil_eye, layout_basic, nicolae_ru_great_annihilating_truth,
          elyvilon_altar_5, gup_sewer_entry_bowl, serial_shops, shop
D:4:      layout_basic, mainiacjoe_overflow_catwalk
D:5:      layout_basic, mainiacjoe_overflow_brackets,
          minmay_temple_entry_junction
D:6:      layout_loops_ring, mainiacjoe_overflow_swirl,
          kennysheep_generic_room_8
D:7:      layout_gridville, minivault_10

Skill      XL: |  1  2  3  4  5  6  7  8  9 |
---------------+----------------------------+-----
Spellcasting   | 3 4 4 5 |  5.0
Earth Magic    | 4 5 6 7 |  7.0
Conjurations   | 1 2 3 4 5 |  5.0
Fighting       | 3 5 |  5.9
Dodging        | 4 6 |  6.9
Stealth        | |  1.2
Transmutations | |  1.1

Action                   |  1- 3 |  4- 6 |  7- 9 || total
-------------------------+-------+-------+-------++-------
Melee: Dagger            |     6 |    15 |    19 ||    40
       Punch             |       |     1 |     1 ||     2
 Cast: Sandblast         |    43 |    90 |    81 ||   214
       Stone Arrow       |       |     1 |    44 ||    45
Invok: Sacrifice Skill   |       |     1 |       ||     1
       Draw Out Power    |       |       |     1 ||     1
       Sacrifice Love    |       |       |     1 ||     1
 Stab: Sleeping          |       |     1 |       ||     1
Armor: Robe              |     2 |     9 |    11 ||    22
Dodge: Dodged            |    11 |    32 |    56 ||    99
